 Dungeon Crawl Stone Soup version 0.30-a0-1085-g990a428a5c (webtiles) character file.

Game seed: 7277292186216597773

166 cforsyth the Conjurer (level 5, 0/38 HPs)
             Began as a Demigod Conjurer on Apr 16, 2023.
             Slain by a gnoll
             ... wielding a +0 heavy flail
              (6 damage)
             ... on level 4 of the Dungeon.
             The game lasted 00:04:01 (4247 turns).

cforsyth the Conjurer (Demigod Conjurer)            Turns: 4247, Time: 00:04:02

Health: 0/38       AC:  5    Str: 12    XL:     5   Next: 2%
Magic:  5/12       EV: 10    Int: 20    God:
Gold:   134        SH:  0    Dex: 12    Spells: 9/10 levels left

rFire   . . .      SeeInvis .    k - +0 short sword
rCold   . . .      Faith    .    (no shield)
rNeg    . . .      Spirit   .    l - +0 ring mail
rPois   .          Reflect  .    (no helmet)
rElec   .          Rampage  .    (no cloak)
rCorr   .                        (no gloves)
Will    .....                    (no boots)
Stlth   +                        (no amulet)
HPRegen 0.26/turn                (no ring)
MPRegen 0.13/turn                (no ring)

@: no status effects
A: high MP 1, forlorn, divine attributes
a: no special abilities


You were on level 4 of the Dungeon.
You visited 1 branch of the dungeon, and saw 4 of its levels.

You collected 134 gold pieces.

Inventory:

Hand Weapons
 k - a +0 short sword (weapon)
Armour
 a - a +0 robe
 l - a +0 ring mail (worn)
Jewellery
 m - a ring of ice
Scrolls
 c - a scroll of blinking {unknown}
 d - 2 scrolls of enchant armour {unknown}
 e - 2 scrolls of teleportation {unknown}
 f - a scroll of silence {unknown}
 g - 2 scrolls of fear {unknown}
 h - 4 scrolls of identify {unknown}
 n - a scroll of poison {unknown}
Potions
 b - a potion of magic
 i - 2 potions of curing {unknown}
 j - 2 potions of flight {unknown}
 o - a potion of lignification {unknown}
 p - a potion of cancellation {unknown}
 q - a potion of resistance {unknown}
 r - 2 potions of heal wounds {unknown}
 s - a potion of ambrosia {unknown}
 t - a potion of attraction {unknown}


   Skills:
 - Level 2.2 Dodging
 - Level 2.4 Stealth
 + Level 3.2 Spellcasting
 + Level 4.6 Conjurations


You had 9 spell levels left.
You knew the following spells:

 Your Spells              Type           Power      Damage    Failure   Level
a - Magic Dart            Conj           84%        1d7       4%          1

Your spell library contained the following spells:

 Spells                   Type           Power      Damage    Failure   Level
 Searing Ray              Conj           42%        2d6       7%          2
 Summon Small Mammal      Summ           12%        N/A       32%         1
 Dazzling Flash           Conj/Hex       24%        N/A       36%         3
 Call Canine Familiar     Summ           3%         N/A       67%         3
 Summon Guardian Golem    Hex/Summ       3%         N/A       67%         3
 Fulminant Prism          Conj/Hex       6%         3d7       77%         4
 Iskenderun's Mystic Bla  Conj/Tloc      12%        2d5       77%         4
 Chain Lightning          Conj/Air       6%         3d8       100%        9
 Fire Storm               Conj/Fire      6%         8d2       100%        9
 Shatter                  Erth           1%         3d6*      100%        9


Dungeon Overview and Level Annotations

Branches:
Dungeon (4/15)
 Temple: D:4-7


Innate Abilities, Weirdness & Mutations

You have an increased reservoir of magic. (+10% MP)
You shall have no god before yourself.
Your divine heritage dramatically boosts your attributes as you level up.


Message History

The adder barely misses you.
The magic dart hits the adder.
You kill the adder!
You can't see any susceptible monsters within range! (Use Z to cast anyway.)
You can't see any susceptible monsters within range! (Use Z to cast anyway.) Magic restored.
Found a trident. 3 gnolls come into view.
A gnoll is wielding a +0 heavy flail.
The gnoll shouts!
The gnoll moves out of view.
There are monsters nearby!
There are monsters nearby!
There are monsters nearby!
The magic dart hits the gnoll.
The gnoll is moderately wounded.
The magic dart hits the gnoll.
The gnoll is almost dead.
The gnoll barely misses you.
The magic dart hits the gnoll.
The gnoll is almost dead.
The gnoll hits you from afar with a +0 halberd.
The magic dart hits the gnoll.
You kill the gnoll!
You have reached level 5!
The magic dart hits the gnoll.
The gnoll is lightly wounded.
A jelly comes into view.
The magic dart hits the gnoll.
The gnoll is heavily wounded.
The magic dart hits the gnoll.
The gnoll is almost dead.
The jelly hits you.
You are splashed with acid!
The gnoll hits you with a +0 heavy flail!
* * * LOW HITPOINT WARNING * * *
You are too injured to fight recklessly!
You are too injured to fight recklessly!
The jelly attacks as you move away! The jelly hits you but does no damage.
The gnoll attacks as you move away!
The gnoll hits you with a +0 heavy flail.
You die...

#.# #.#. #.#
.# #..# #.#
.# #..# #.#
.# #..# ...
.# #..# #.#
)# #..#
#.##)##
#..###.#gg.#
#......@J#
#<######...#
#.# ##.##
#.# .# ...
.# ... .#
..... ##
.....
##...##


You could see a jelly and 2 gnolls.

Vanquished Creatures
  Ijyb (D:3)
  A gnoll (D:4)
  6 adders
  A worm (D:3)
  A dart slug (D:3)
  5 orcs (D:3)
  8 endoplasms
  3 giant cockroaches
  6 goblins
  6 hobgoblins
  4 jackals
  2 quokkas (D:3)
  3 ball pythons
  5 bats
  2 frilled lizards (D:2)
  7 kobolds
  7 rats
68 creatures vanquished.

Vanquished Creatures (others)
  A plant (D:3)
1 creature vanquished.

Grand Total: 69 creatures vanquished

Notes
Turn   | Place    | Note
-------+----------+-------------------------------------------
     0 | D:1      | cforsyth the Demigod Conjurer began the quest for the Orb.
     0 | D:1      | Reached XP level 1. HP: 14/14 MP: 5/5
   567 | D:1      | Reached XP level 2. HP: 20/20 MP: 4/7
  1627 | D:2      | Reached XP level 3. HP: 26/26 MP: 2/8
  1890 | D:2      | Identified the +7 mace of Hubris {spect, Will- Str+3 SInv}
  1999 | D:2      | Reached skill level 4 in Conjurations
  2546 | D:2      | Identified the +8 long sword of the Hidden Seas {heavy,
                  | rElec rPois Will- Stlth+}
  2888 | D:3      | Noticed Ijyb
  2912 | D:3      | Reached XP level 4. HP: 33/33 MP: 5/10
  2944 | D:3      | Killed Ijyb
  3192 | D:3      | Noticed a blizzard demon
  4243 | D:4      | Reached XP level 5. HP: 31/38 MP: 7/12
  4247 | D:4      | Slain by a gnoll

Illustrated notes

Levels and vault maps discovered:
D:1:      wheals_arrival_linesprint, layout_basic, basic_ecumenical_altar,
          minmay_pentomino_w4
D:2:      layout_basic
D:3:      minmay_general_purpose_star, layout_loops_corners,
          makhleb_altar_promises_db, serial_bayou_lake_a, uniq_ijyb
D:4:      layout_loops_ring, minmay_temple_entry_butterflies, serial_shops, shop

Skill      XL: |  1  2  3  4 |
---------------+-------------+-----
Stealth        | 2 |  2.4
Dodging        | 2 |  2.2
Spellcasting   | 2 3 |  3.2
Conjurations   | 4 |  4.6

Action                     |  1- 3 |  4- 6 || total
---------------------------+-------+-------++-------
  Melee: Unarmed           |    19 |       ||    19
         Short sword       |     6 |    15 ||    21
   Cast: Magic Dart        |    92 |    61 ||   153
 Armour: Robe              |     6 |       ||     6
         Ring mail         |     6 |     7 ||    13
  Dodge: Dodged            |    21 |    12 ||    33

Table legend: (Time is in decaauts)
 A = Elapsed time spent in this place.
 B = Non-inter-level travel time spent in this place.
 C = Inter-level travel time spent in this place.
 D = Time resting spent in this place.
 E = Time spent auto-exploring this place.
 F = Levels seen in this place.
 G = Mean time per level.
                   A        B        C        D        E       F      G
               +--------+--------+--------+--------+--------+-----+--------+
         Total |   4290 |   4052 |    238 |      5 |   3701 |   4 | 1072.5 |
       Dungeon |   4290 |   4052 |    238 |      5 |   3701 |   4 | 1072.5 |
               +--------+--------+--------+--------+--------+-----+--------+

Top non-repeatable levels by time:
     D:3: 1617 daAuts
     D:1: 1545 daAuts
     D:2: 1084 daAuts
     D:4: 42 daAuts
